Workbook
Name _AFC1: [4]INV!$A$25:$D$28
Name _AFC3: [4]INV!$F$25:$I$28
Name _AFC5: [4]INV!$K$25:$N$28
Name _BGC1: [4]INV!$A$5:$D$8
Name _BGC3: [4]INV!$F$5:$I$8
Name _BGC5: [4]INV!$K$5:$N$8
Name _CAC1: [4]INV!$A$19:$D$22
Name _CAC3: [4]INV!$F$19:$I$22
Name _CAC5: [4]INV!$K$19:$N$22
Name _Cod1: #REF!
Name _Cod1: #REF!
Name _MA2: #REF!
Name _MA2: #REF!
Name _Pa1: '[8]Paral. 1'!$E$1:$E$65536
Name _Pa2: '[8]Paral. 2'!$E$1:$E$65536
Name _Pa3: '[8]Paral. 3'!$E$1:$E$65536
Name _Pa4: [8]Paral.4!$E$1:$E$65536
Name _SBC1: [4]INV!$A$12:$D$15
Name _SBC3: [4]INV!$F$12:$I$15
Name _SBC5: [4]INV!$K$12:$N$15
Name a: #REF!
Name A_IMPRESIÓN_IM: #REF!
Name aa: #REF!
Name aaa: #REF!
Name AAC: [4]AASHTO!$A$14:$F$17
Name ABG: [4]AASHTO!$A$2:$F$5
Name admon: #REF!
Name ASB: [4]AASHTO!$A$8:$F$11
Name Base: #REF!
Name BEB: #REF!
Name BEB: #REF!
Name CAP: #REF!
Name CAP: #REF!
Name cd: [10]Hoja1!$C$81
Name Cod: #REF!
Name Cod: #REF!
Name CODOS: #REF!
Name CODOS: #REF!
Name ColTap: '[8]Coloc. e Interc. Tapones'!$E$1:$E$65536
Name copia1: #REF!
Name copia1: #REF!
Name CVa: '[8]Cambio de Valv.'!$E$1:$E$65536
Name datos: #REF!
Name datos: #REF!
Name diametros: #REF!
Name diametros: #REF!
Name dos: #REF!
Name dos: #REF!
Name ee: #REF!
Name ee: #REF!
Name Excel_BuiltIn__FilterDatabase: [11]Presupuesto_Via_distribuidora!$A$9:$H$344
Name Excel_BuiltIn_Print_Area: [11]Presupuesto_Via_distribuidora!$C$1:$H$344
Name Excel_BuiltIn_Print_Titles: [11]Presupuesto_Via_distribuidora!$A$2:$IV$8
Name formularioCantidades: #REF!
Name fue: #REF!
Name Hid: '[8]Interc de Hidr.'!$E$1:$E$65536
Name horat: '[12]Itemes Renovación'!#REF!
Name horat: '[12]Itemes Renovación'!#REF!
Name INSU: [13]INSUMOS!$A$1:$E$65536
Name InTap: [8]Interc.tapones!$E$1:$E$65536

Sheet Formulario 1
A2: SECRETARÍA DE SUMINISTROS Y SERVICIOS
A4: CONCURSO DE MERITOS 0020004854 DE 2021
A6: RECOPILACIÓN, PROCESAMIENTO DE INFORMACIÓN DE CAMPO ASOCIADO A TEMAS DE MOVILIDAD.
A8: Formulario No. 1
A9: EXPERIENCIA GENERAL DEL PROPONENTE
A11: No. Del contrato en el RUP (No. Consecutivo o No. de Orden) (1) | B11: CONTRATO No. (2) | C11: OBJETO DEL CONTRATO | D11: CONTRATANTE | E11: FECHA DE INICIACIÓN (mes - año) | F11: FECHA DE TERMINACIÓN (3) (mes - año) | G11: FORMA DE EJECUCIÓN (4) | H11: % DE PARTICIPACIÓN | I11: VALOR DEL CONTRATO (5) | K11: CLASIFICACIÓN (6)
I12: EN PESOS (COP) | J12: EN SMMLV
A22: (1) Posición o ubicación del contrato, según el orden en que aparecen los contratos en el aparte de EXPERIENCIA del RUP. (no aplica para los que no estan obligados a tener RUP) | H22: SALARIO MÍNIMO MENSUAL LEGAL (SMMLV)
H23: Año | I23: Valor | J23: Año | K23: Valor
A24: (2) Contratos terminados y registrados en el RUP. | H24: 1997 | I24: 172005 | J24: 2010 | K24: 515000
A25: (3) Fecha de terminación. | H25: 1998 | I25: 203826 | J25: 2011 | K25: 535600
A26: (4) Indicar si el contrato se ejecutó en forma Individual (I), en Consorcio (C) o Unión Temporal (UT). | H26: 1999 | I26: 236438 | J26: 2012 | K26: 566700
A27: (5) Valor total del contrato, en Pesos (COP) y SMMLV a la fecha de TERMINACIÓN del contrato. | H27: 2000 | I27: 260106 | J27: 2013 | K27: 589500
A28: (6) Indicar las clasificaciones del contrato en el RUP según los códigos del Clasificador de Bienes y Servicios de las Naciones Unidas para estandarizar productos y servicios (UNSPSC), DEBE corresponder con las exigidas en el PLIEGO. | H28: 2001 | I28: 286000 | J28: 2014 | K28: 616000
H29: 2002 | I29: 309000 | J29: 2015 | K29: 644350
H30: 2003 | I30: 332000 | J30: 2016 | K30: 689454
A31: El formulario debe ser diligenciado en su totalidad. En todo caso la evaluación se efectuara conforme lo dispuesto en el pliego. | H31: 2004 | I31: 358000 | J31: 2017 | K31: 737717
A32: Los contratos relacionados deben estar debidamente certificados | H32: 2005 | I32: 381500 | J32: 2018 | K32: 781,242,00
H33: 2006 | I33: 408000 | J33: 2019 | K33: 828116
H34: 2007 | I34: 433700 | J34: 2020 | K34: 877803
H35: 2008 | I35: 461500 | J35: 2021 | K35: 908526
H36: 2009 | I36: 496900
A37: ____________________________________________ | E37: ____________________________________________
A38: Nombre del Proponente: | E38: Firma representante legal

Sheet Formato 2
B1: SECRETARÍA DE SUMINISTROS Y SERVICIOS CONCURSO DE MERITOS 002004854 DE 2021 RECOPILACIÓN, PROCESAMIENTO DE INFORMACIÓN DE CAMPO ASOCIADO A TEMAS DE MOVILIDAD. FORMULARIO No. 2
B2: Objeto: Recopilacion y procesamiento de información de campo asociado a temas de movilidad
B4: =+'[16]Paso 1 Calculo del Presupuesto'!B19:L19 -> A - Costos directos de personal (Profesional, tecnólogo y técnico)
B5: =+'[16]Paso 1 Calculo del Presupuesto'!B20 -> Descricpión | C5: =+'[16]Paso 1 Calculo del Presupuesto'!E20 -> Cantidad | D5: =+'[16]Paso 1 Calculo del Presupuesto'!F20 -> % de Dedicación | E5: =+'[16]Paso 1 Calculo del Presupuesto'!G20 -> Salario | F5: =+'[16]Paso 1 Calculo del Presupuesto'!H20 -> Plazo (Meses) | G5: =+'[16]Paso 1 Calculo del Presupuesto'!K20 -> FM | H5: =+'[16]Paso 1 Calculo del Presupuesto'!L20 -> Valor Total
B6: Director Coordinador del proyecto | C6: 1 | D6: 1 | E6: 6887726.6 | F6: 8 | G6: 2.01 | H6: 1.1075464e+08
B7: Profesional Coordinador de campo | C7: 2 | D7: 0.6 | E7: 4343611 | F7: 7.5 | G7: 2.01 | H7: 78575923
B8: Otro Personal de Campo | C8: 20 | D8: 0.6 | E8: 1656233 | F8: 7.5 | G8: 2.01 | H8: 2.9961255e+08
B9: Otro Digitadores | C9: 4 | D9: 1 | E9: 1656233 | F9: 7.5 | G9: 2.01 | H9: 99870850
B10: =+'[16]Paso 1 Calculo del Presupuesto'!B47:L47 -> B - Otros Costos directos
B11: =+'[16]Paso 1 Calculo del Presupuesto'!B48 -> Descricpión | C11: Cantidad | D11: =+'[16]Paso 1 Calculo del Presupuesto'!D48 -> Unidad de Medida | E11: Valor Unitario | F11: Plazo (Meses) | H11: valor total
B12: Computadores licenciados, incluye impresora y conexión a internetAuxilio para alquiler Computador Coordinador del Proyecto | C12: 1 | D12: Mes | E12: 300000 | F12: 8 | H12: 2400000
B13: Computadores licenciados, incluye impresora y conexión a internetAuxilio para alquiler Computadores de campo y digitadores | C13: 5 | D13: Mes | E13: 300000 | F13: 7.5 | H13: 11250000
B14: Computadores licenciados, incluye impresora y conexión a internetAuxilio para alquiler de impresora Laser de tinta a Color | C14: 1 | D14: Mes | E14: 534941 | F14: 8 | H14: 4279528
B15: Auxilio para gastos de papeleria, fotocopias y otrosAuxilio para gastos de papelería (formatos, borrador, lapiz, tablas y otros) | C15: 1 | D15: Global | E15: 782921.6 | F15: 8 | H15: 6263372.8
B16: ArrendamientoAuxilios para gastos de arrendamiento y servicios públicos | C16: 1 | D16: Mes | E16: 1613755 | F16: 8 | H16: 12910040
B17: OtroChalecos reflectivos | C17: 27 | D17: Global | E17: 19649 | F17: 1 | H17: 530523
B18: OtroAuxilio para gastos de transporte para mediciones tiempo de viaje | C18: 0.25 | D18: Mes | E18: 6334220 | F18: 7.5 | H18: 11876662
B19: OtroAucilio para gastos de Transporte personal profesional | C19: 0.4 | D19: Mes | E19: 6334220 | F19: 7.5 | H19: 19002660
B20: OtroImplementación de los protocolos de bioseguridad COVID - 19 | C20: 1 | D20: mes | E20: 1852277 | F20: 7.5 | H20: 13892078
B21: =IF('[16]Paso 1 Calculo del Presupuesto'!B75="","",CONCATENATE('[16]Paso 1 Calculo del Presupuesto'!B75,"",'[16]Paso 1 Calculo del Presupuesto'!C75))
B22: =IF('[16]Paso 1 Calculo del Presupuesto'!B76="","",CONCATENATE('[16]Paso 1 Calculo del Presupuesto'!B76,"",'[16]Paso 1 Calculo del Presupuesto'!C76)) -> Costo directo de personal incluido Factor Multiplicador (A) | H22: 5.8881397e+08
B23: =IF('[16]Paso 1 Calculo del Presupuesto'!B77="","",CONCATENATE('[16]Paso 1 Calculo del Presupuesto'!B77,"",'[16]Paso 1 Calculo del Presupuesto'!C77)) -> Otros costos directos (B) | H23: 82404864
B24: =IF('[16]Paso 1 Calculo del Presupuesto'!B78="","",CONCATENATE('[16]Paso 1 Calculo del Presupuesto'!B78,"",'[16]Paso 1 Calculo del Presupuesto'!C78)) -> Pólizas - Gasto fijo Reembolsable- (C) | H24: 1050077
B25: =IF('[16]Paso 1 Calculo del Presupuesto'!B79="","",CONCATENATE('[16]Paso 1 Calculo del Presupuesto'!B79,"",'[16]Paso 1 Calculo del Presupuesto'!C79)) -> SUBTOTAL (A + B + C) | H25: 6.7226891e+08
B26: =IF('[16]Paso 1 Calculo del Presupuesto'!B80="","",CONCATENATE('[16]Paso 1 Calculo del Presupuesto'!B80,"",'[16]Paso 1 Calculo del Presupuesto'!C80)) -> IVA | G26: =+'[16]Paso 1 Calculo del Presupuesto'!K80 -> 0.19 | H26: 127731092
B27: =IF('[16]Paso 1 Calculo del Presupuesto'!B81="","",CONCATENATE('[16]Paso 1 Calculo del Presupuesto'!B81,"",'[16]Paso 1 Calculo del Presupuesto'!C81)) -> COSTO TOTAL (A+ B + Pólizas C + IVA) | H27: 800000000
B29: NOTAS:
B30: 1. Los costos de personal y sus recargos por horas extras se reembolsarán según la dedicación efectiva que hubiere tenido en la ejecución de los trabajos.
B31: 2. Los demás costos directos diferentes a sueldos se reembolsarán contra presentación de factura, según su costo real el cual deberá estar ajustado a los precios de mercado.
B32: 3. Valores proyectados al año 2021.
B33: 4. El valor definido por la Entidad por concepto de pólizas es un valor fijo e inmodificable, que deberá ser comprobable y demostrable por el contratista en el momento de presentar la primer factura o documento equivalente, para el efecto, el contratista deberá presentar los documentos que soporten el valor facturado, que en todo caso no podrá ser superior al valor presupuestado por la Entidad.
B34: 5. Tomando en cuenta durante la ejecución del contrato el proponente podría tener personal con distintos regímenes prestacionales ( ej. personal con sueldos superiores a 10 SMMLV o pensionados), la Entidad podrá establecer distintos factores multiplicadores para este personal, teniendo en cuenta las circunstancias particulares de estos.
B35: 6. Durante la ejecución del contrato la Entidad tendrá potestad de realizar deducciones y efectuar las respectivas multas y sanciones a las que haya lugar en las siguientes ocasiones: • Si se evidencia personal pensionado y dentro del factor multiplicador se reconoce dicha prestación • Si se comprueba que el contratista está exonerado del pago de los aportes a SALUD (a cargo del empleador 8,5%), SENA (2%), ICBF (3%), y se está haciendo reconocimiento por estos dentro del factor multiplicador. • Por ausencia de personal. • Cuando el contratista afilie al personal a un riesgo diferente al establecido en la propuesta económica. • Cuando el contratista afilie al personal a una empresa distinta a la que se le adjudica el contrato. • Cuando se evidencie un salario básico y un IBC inferior a lo estipulado en la propuesta económica (el salario debe ser igual al IBC, para esta situación el contratista debe pagar como mínimo el valor ofertado en su propuesta económica a cada uno de los profesionales.) • Cuando se evidencie inconsistencias en la liquidación del personal al finalizar la interventoría (paz y salvo del contratista con la Entidad firmado por el trabajador donde se cancelan las cesantías, intereses a las cesantías, prima, vacaciones, dotación y auxilio de transporte cuando apliquen). • Cuando se contemplen primas extralegales diferentes a las establecidas legalmente en la legislación Nacional. • Cuando el contratista asigne personal que no cumpla con los requisitos de formación y experiencia establecidos en el pliego. • Cuando el personal del contratista participe en más de un cargo de los estipulados en el presupuesto oficial o exceda el 100% de dedicación. • Cuando el contratista reciba pago por horas extras y no sean canceladas al profesional. • Cuando el contratista reciba pago por reajuste de salarios y no sean canceladas al profesional. • Las demás circunstancias en las que evidencien pagos indebidos.
B37: Elaboró: | D37: Revisó:

Sheet Formulario 3
A2: SECRETARÍA DE SUMINISTROS Y SERVICIOS
A3: ='Formulario 1'!A4:K4 -> CONCURSO DE MERITOS 0020004854 DE 2021
A5: ='Formulario 1'!A6:K6 -> RECOPILACIÓN, PROCESAMIENTO DE INFORMACIÓN DE CAMPO ASOCIADO A TEMAS DE MOVILIDAD.
A7: FORMULARIO No. 3
A8: EQUIPO DE TRABAJO OFRECIDO
A10: NOMBRE | B10: PROFESIÓN | C10: CARGO A DESEMPEÑAR EN EL PROYECTO
A21: Nombre del Proponente: | C21: Firma representante legal

Sheet Formulario 5
A2: SECRETARÍA DE SUMINISTROS Y SERVICIOS
A3: CONCURSO DE MERITOS 002004854 DE 2021
A5: ='[17]Formulario 1'!A6:K6 -> RECOPILACIÓN, PROCESAMIENTO DE INFORMACIÓN DE CAMPO ASOCIADO A TEMAS DE MOVILIDAD. | I5: =27*0.1 -> 2.7
A7: FORMULARIO No. 5
A8: FACTOR MULTIPLICADOR
D9: > 2 SMMLV < 10 SMMLV | E9: < = 2 SMMLV
A10: 1 | B10: Salario Básico | D10: 1 | E10: 1
A12: 2 | B12: Prestaciones Sociales | G12: Para las operaciones en este libro se debe habilitar el calculo iterativo.
B13: Prima Anual | D13: 0.08333 | E13: 0.08333
B14: Cesantías anual | D14: 0.08333 | E14: 0.08333
B15: Interés a las cesantías | D15: 0.01 | E15: 0.01
B16: Vacaciones | D16: 0.04167 | E16: 0.04167
B17: Salud | D17: 0 | E17: 0
B18: Pension | D18: 0.12 | E18: 0.12
B19: Subsidio familiar | D19: 0.04 | E19: 0.04
B20: SENA | D20: 0 | E20: 0
B21: ICBF | D21: 0 | E21: 0
B22: ARP | D22: 0.0696 | E22: 0.0696
B23: Subtotal 2 | D23: =SUM(D13:D22) -> 0.44793 | E23: =SUM(E13:E22) -> 0.44793
A25: 3 | B25: Costos Indirectos
B26: Costos oficina (arrendamiento,administración y servicios púlbicos, mantenimiento de oficinas, aseo, vigilancia, seguros de robo e incendio, alquiler (o depreciación) y mantenimiento de vehículos de administración y gerencia, asociaciones profesionales, documentación técnica, revistas, representación y promoción, preparación y edición de propuestas, gastos de viaje, gastos de representación). | D26: 0.074433186 | E26: 0.074433186
B27: Muebles y equipos de oficina, pago programas, sistematización y actualización tecnológica, rack,, Papeleria y útiles de oficina, fotocopias, gastos bancarios. | D27: 0.12212854 | E27: 0.12212854
B28: Personal administrativo, técnico y no técnico, no facturable, entrenamiento de personal, capacitación y actualización técnica(cursos, seminarios, congresos). | D28: 0.09310753 | E28: 0.09310753
B29: Asesoria legal, tributaria y Medica. | D29: 0.0093041482 | E29: 0.0093041482
B30: Subtotal 3 | D30: =SUM(D26:D29) -> 0.29897341 | E30: =SUM(E26:E29) -> 0.29897341
A32: 4 | B32: Honorarios (…..% de (1+2+3)) el porcentaje no podrá ser superior a 10% | C32: 0.12 | D32: =+(D10+D23+D30)*C32 -> 0.20962841 | E32: =+(E10+E23+E30)*C32 -> 0.20962841
A34: 5 | B34: Polizas e Impuestos
B35: Gravamen a los movimientos Financieros -GMF- Art. 115 ET Deducible 50% | D35: 0.0045897712 | E35: 0.0045897712
B36: Estampilla Procultura - Capítulo XVIII Acuerdo 066/2017 | D36: 0 | E36: 0
B37: Estampilla Adulto Mayor - Capítulo XIX Acuerdo 066/2017 | D37: 0 | E37: 0
B38: Estampilla U de A - Capítulo XX Acuerdo 066/2017 | D38: 0.022948853 | E38: 0.022948853
B39: Estampilla Pro Deporte y Recreación - Acuerdo 18 de 2020 | D39: 0.029833509 | E39: 0.029833509
B40: Subtotal 5 | D40: =SUM(D35:D39) -> 0.057372133 | E40: =SUM(E35:E39) -> 0.057372133
B42: Total 1+2+3+4+5 | D42: =D10+D23+D30+D32+D40 -> 2.0139039 | E42: =E10+E23+E30+E32+E40 -> 2.0139039
B43: Factor Multiplicador : | D43: =ROUND(D42/100,2) -> 0.02 | E43: =ROUND(E42/100,2) -> 0.02
A45: * El proponente deberá aportar certificación con firma del contador público y/o Revisor Fiscal además del representa legal, donde especifique que está a paz y salvo con el pago de aportes prestacionales y de salud e indique SI ES O NO RESPONSABLE del pago de parafiscales SENA (2%) E ICBF (3%) a cargo del empleador y aportes al sistema de SALUD (8.5%) a cargo del empleador, cumpliendo con lo establecido en el Artículo 65 de la Ley 1819 de 2016.
A46: * Para efectos de la verificación en igualdad de condiciones del Formulario No. 5 de los proponentes y la comparación del factor multiplicador con respecto al oficial, el proponente tendrá en cuenta los mismos porcentajes de prestaciones sociales incluidas en el primer numeral del presente Formulario, no obstante para la revisión y acuerdo de la propuesta económica se verificará en que régimen se encuentra el proponente para efectos de analizar el porcentaje de los parafiscales (SENA – ICBF) y SALUD, según sea el caso, es decir si se conserva o se resta, caso en el cual daría lugar a corrección en el factor multiplicador y consecuentemente en el valor total de la propuesta.
A50: Nombre del Proponente: | C50: Firma representante legal

Sheet Formulario 6
A2: SECRETARÍA DE SUMINISTROS Y SERVICIOS
A3: ='Formulario 1'!A4:K4 -> CONCURSO DE MERITOS 0020004854 DE 2021
A5: ='Formulario 1'!A6:K6 -> RECOPILACIÓN, PROCESAMIENTO DE INFORMACIÓN DE CAMPO ASOCIADO A TEMAS DE MOVILIDAD.
A7: FORMULARIO No. 6
A8: CONSTANCIA COMPROMISO PERSONAL
A10: Nombre :
A11: Cédula:
A12: Cargo:
A13: Título Universitario:
A14: No.Tarjeta Profesional
A15: Fecha Expedición Tarjeta Profesional
A16: Postgrados
A17: Teléfono:
A18: Email:
A19: EXPERIENCIA. 1. Relacionar los contratos o proyectos con los que acredita el cumplimiento de los requisitos establecidos en el pliego para la evaluación de la experiencia. 2. Se deben relacionar máximo, el número de contratos establecidos en el pliego para la asignación de puntaje del profesional, no se tendrán en cuenta los contratos que excedan el número máximo de contratos permitidos y, la evaluación se realizara teniendo en cuenta el estricto orden en el que son relacionados en el presente Formulario.
A20: EXPERIENCIA PROFESIONAL
A21: No. | B21: ENTIDAD CONTRATANTE | C21: ENTIDAD CONTRATISTA | D21: CONTRATO O PROYECTO
A25: EXPERIENCIA ESPECÍFICA REQUERIDA
A26: No. | B26: ENTIDAD CONTRATANTE | C26: ENTIDAD CONTRATISTA | D26: CONTRATO O PROYECTO
A30: EXPERIENCIA ESPECÍFICA - ADICIONAL
A31: No. | B31: ENTIDAD CONTRATANTE | C31: ENTIDAD CONTRATISTA | D31: CONTRATO O PROYECTO
A35: Está comprometido en un contrato adjudicado o en ejecución, suscrito con la Secretaría de Infraestructura Física del Municipio de Medellín, cuya fecha de terminación es posterior a la fecha de cierre del presente proceso? SI____, NO___
A36: Con la suscripción del presente documento, me comprometo a prestar mis servicios en el cargo arriba indicado, al proponente:_________________________ , Dentro del proceso de contratación N°_______ de ___________ cuyo objeto es ___________________________________
A37: Así mismo autorizo al proponente a presentar y utilizar mi hoja de vida en este proceso.
A40: FIRMA
A41: CEDULA
A43: *Si para diligenciar este documento requiere varias hojas por favor firmar todas.

Sheet Formulario 7
A2: SECRETARÍA DE SUMINISTROS Y SERVICIOS
A3: ='Formulario 1'!A4:K4 -> CONCURSO DE MERITOS 0020004854 DE 2021
A5: ='Formulario 1'!A6:K6 -> RECOPILACIÓN, PROCESAMIENTO DE INFORMACIÓN DE CAMPO ASOCIADO A TEMAS DE MOVILIDAD.
A7: FORMULARIO No. 7
A8: INFORMACIÓN FINANCIERA EXTRANJEROS
A10: INFORMACIÓN FINANCIERA CON LA ÚLTIMA FECHA DE CORTE DEL PAÍS CORRESPONDIENTE
A12: Oferente:
A14: Resumen de cuentas de Balance General y Estado de Resultados que sean necesarias para verificar los requisitos habilitantes de capacidad financiera y organizacional
B16: Oferente singular | C16: Consorcio o Unión Temporal
A17: Cuenta | B17: (Valores en pesos colombianos) | C17: Integrante N.1 (Valores en pesos colombianos) | D17: Integrante N.2 (Valores en pesos colombianos) | E17: Integrante N.3 (Valores en pesos colombianos)
A18: BALANCE GENERAL
A19: Efectivo
A20: Activo Corriente
A21: Activo Total
A22: Pasivo Corriente
A23: Pasivo Total
A24: Patrimonio
A25: ESTADO DE RESULTADOS
A26: Utilidad Operacional
A27: Gastos de Intereses
A32: FIRMA REPRESENTANTE LEGAL | D32: FIRMA REVISOR FISCAL
D33: T.P
A36: FIRMA CONTADOR
A37: T.P

Sheet Formulario 8
A2: SECRETARÍA DE SUMINISTROS Y SERVICIOS
A4: ='Formulario 1'!A4:K4 -> CONCURSO DE MERITOS 0020004854 DE 2021
A6: ='Formulario 1'!A6:K6 -> RECOPILACIÓN, PROCESAMIENTO DE INFORMACIÓN DE CAMPO ASOCIADO A TEMAS DE MOVILIDAD.
A8: Formulario No. 8
A9: EXPERIENCIA ESPECÍFICA DEL PROPONENTE
A11: No. Del contrato en el RUP (No. Consecutivo o No. de Orden) (1) | B11: CONTRATO No. (2) | C11: OBJETO DEL CONTRATO | D11: CONTRATANTE | E11: FECHA DE INICIACIÓN (mes - año) | F11: FECHA DE TERMINACIÓN (3) (mes - año) | G11: FORMA DE EJECUCIÓN (4) | H11: % DE PARTICIPACIÓN | I11: VALOR DEL CONTRATO (5) | K11: CLASIFICACIÓN (6)
I12: EN PESOS (COP) | J12: EN SMMLV
A16: EXPERIENCIA ESPECÍFICA ADICIONAL DEL PROPONENTE
A18: No. Del contrato en el RUP (No. Consecutivo o No. de Orden) (1) | B18: CONTRATO No. (2) | C18: OBJETO DEL CONTRATO | D18: CONTRATANTE | E18: FECHA DE INICIACIÓN (mes - año) | F18: FECHA DE TERMINACIÓN (3) (mes - año) | G18: FORMA DE EJECUCIÓN (4) | H18: % DE PARTICIPACIÓN | I18: VALOR DEL CONTRATO (5) | K18: CLASIFICACIÓN (6)
I19: EN PESOS (COP) | J19: EN SMMLV
A23: Se deben relacionar máximo, el número de contratos establecidos en el pliego para la experiencia espefícica y la asignación de puntaje por Experiencia Especifica Adicional, no se tendrán en cuenta los contratos que excedan el número máximo de contratos permitidos y, la evaluación se realizara teniendo en cuenta el estricto orden en el que son relacionados en el presente Formulario.
A26: (1) Posición o ubicación del contrato, según el orden en que aparecen los contratos en el aparte de EXPERIENCIA del RUP. (no aplica para los que no estan obligados a tener RUP) | H26: SALARIO MÍNIMO MENSUAL LEGAL (SMMLV)
H27: Año | I27: Valor | J27: Año | K27: Valor
A28: (2) Contratos terminados y registrados en el RUP. | H28: 1997 | I28: 172005 | J28: 2010 | K28: 515000
A29: (3) Fecha de terminación. | H29: 1998 | I29: 203826 | J29: 2011 | K29: 535600
A30: (4) Indicar si el contrato se ejecutó en forma Individual (I), en Consorcio (C) o Unión Temporal (UT). | H30: 1999 | I30: 236438 | J30: 2012 | K30: 566700
A31: (5) Valor total del contrato, en Pesos (COP) y SMMLV a la fecha de TERMINACIÓN del contrato. | H31: 2000 | I31: 260106 | J31: 2013 | K31: 589500
A32: (6) Indicar las clasificaciones del contrato en el RUP según los códigos del Clasificador de Bienes y Servicios de las Naciones Unidas para estandarizar productos y servicios (UNSPSC), DEBE corresponder con las exigidas en el PLIEGO. | H32: 2001 | I32: 286000 | J32: 2014 | K32: 616000
H33: 2002 | I33: 309000 | J33: 2015 | K33: 644350
H34: 2003 | I34: 332000 | J34: 2016 | K34: 689454
A35: El formulario debe ser diligenciado en su totalidad. En todo caso la evaluación se efectuara conforme lo dispuesto en el pliego. | H35: 2004 | I35: 358000 | J35: 2017 | K35: 737717
A36: Los contratos relacionados deben estar debidamente certificados | H36: 2005 | I36: 381500 | J36: 2018 | K36: 781,242,00
H37: 2006 | I37: 408000 | J37: 2019 | K37: 828116
H38: 2007 | I38: 433700 | J38: 2020 | K38: 877803
H39: 2008 | I39: 461500 | J39: 2021 | K39: 908526
H40: 2009 | I40: 496900
A41: ____________________________________________ | E41: ____________________________________________
A42: Nombre del Proponente: | E42: Firma representante legal
